 Dungeon Crawl Stone Soup version 0.17.2-1-ge4368a0 (webtiles) character file.

9868 Goblin1989 the Severer (level 11, -12/94 HPs)
             Began as a Hill Orc Gladiator on Sept 27, 2016.
             Was a Believer of Elyvilon.
             Mangled by a tentacled starspawn (18 damage)
             ... on level 1 of the Abyss.
             The game lasted 00:31:03 (8610 turns).

Goblin1989 the Severer (Hill Orc Gladiator)         Turns: 8610, Time: 00:31:04

Health: -12/94     AC: 17    Str: 22    XL:     11   Next: 53%
Magic:  0/17       EV: 10    Int:  6    God:    Elyvilon [**....]
Gold:   530        SH:  0    Dex:  9    Spells: 0 memorised, 10 levels left

rFire  . . .     SeeInvis +     K - +0 battleaxe
rCold  . . .     Clarity  .     k - +0 chain mail
rNeg   . . .     SustAt   .     (shield currently unavailable)
rPois  .         Gourm    .     f - +2 hat {SInv}
rElec  +         Spirit   +     G - +2 cloak
rCorr  .         Warding  .     (no gloves)
rMut   .         Stasis   .     (no boots)
MR     +....                    a - amulet of guardian spirit
Stlth  ..........               F - +2 ring of protection
                                m - ring of protection from magic

@: drained, somewhat resistant to hostile enchantments, extremely unstealthy
A: blink, clumsy 1, dopey 1, electricity resistance, subdued magic 1
a: Blink, Lesser Healing, Heal Other, Divine Protection, Renounce Religion


You were on level 1 of the Abyss.
You worshipped Elyvilon.
Elyvilon was pleased with you.
You were very hungry.

You visited 2 branches of the dungeon, and saw 11 of its levels.
You visited the Abyss 1 time.

You collected 560 gold pieces.
You donated 30 gold pieces to Zin.

Inventory:

Hand Weapons
 K - a +0 battleaxe (weapon)
Missiles
 Z - 4 throwing nets (quivered)
Armour
 c - a +0 helmet
 f - a +2 hat of see invisible (worn)
 k - a +0 chain mail (worn)
 G - a +2 cloak (worn)
Jewellery
 a - an amulet of guardian spirit (around neck)
 m - a ring of protection from magic (left hand)
 v - a +2 ring of dexterity {unknown}
 F - a +2 ring of protection (right hand)
Wands
 h - a wand of heal wounds (2) {@v2}
 x - a wand of flame (7)
 H - a wand of magic darts (19)
 L - a wand of teleportation (5) {@v4}
 P - a wand of paralysis (9)
Scrolls
 b - a scroll of teleportation {unknown}
 d - 3 scrolls of fog {unknown}
 g - a scroll of amnesia {unknown}
 i - 3 scrolls of noise {unknown}
 l - 3 scrolls of random uselessness {unknown}
 n - 5 scrolls of immolation {unknown}
 p - a scroll of summoning {unknown}
 q - 3 scrolls of enchant armour {unknown}
 t - 8 scrolls of identify {unknown}
 w - a scroll of magic mapping {unknown}
 y - 2 scrolls of blinking {unknown}
 C - a scroll of remove curse {unknown}
 J - a scroll of vulnerability {unknown}
 M - a scroll of fear {unknown}
 N - a scroll of silence {unknown}
Potions
 j - a potion of flight
 o - 3 potions of haste {@q3}
 s - a potion of magic {unknown}
 u - 3 potions of degeneration {unknown}
 A - a potion of might
 D - a potion of heal wounds {@q2}
Comestibles
 e - 6 bread rations
 r - 5 fruits
 z - 7 beef jerkies
 B - 6 meat rations
 I - 8 slices of pizza


   Skills:
 + Level 8.0(7.8) Fighting
 * Level 15.5(15.2) Axes
 - Level 1.7(1.5) Throwing
 + Level 6.6(6.3) Armour
 + Level 6.3(6.1) Dodging
 + Level 8.0(7.7) Invocations


You had 10 spell levels left.
You didn't know any spells.

Dungeon Overview and Level Annotations

Branches:
Dungeon (10/15)            Temple (1/1) D:5
   Lair: D:8-11         Orc: D:9-12

Altars:
Ashenzari
Cheibriados
Dithmenos
Elyvilon
Fedhas
Gozag
Kikubaaqudgha
Makhleb
Nemelex Xobeh
Okawaru
Qazlal
Ru
Sif Muna
Trog
Vehumet
Xom
Yredelemnul
Zin
The Shining One

Annotations:
D:7 exclusion: door
D:10 Fannar, Psyche


Innate Abilities, Weirdness & Mutations

You can translocate small distances at will.
You are clumsy. (Dex -2)
You are dopey. (Int -2)
You are resistant to electric shocks.
Your spells are a little easier to cast, but a little less powerful.


Message History

You are too injured to fight recklessly!
You are too injured to fight recklessly!
You are too injured to fight recklessly!
You are too injured to fight recklessly!
You are too injured to fight recklessly!
You are too injured to fight recklessly!
You are too injured to fight recklessly!
Unknown command.
You hit the tentacled starspawn.
The tentacled starspawn is severely damaged.
The tentacled starspawn bites you!!
* * * LOW HITPOINT WARNING * * *
The tentacled starspawn misses you.
You hit the tentacled starspawn.
The tentacled starspawn is severely damaged.
A tentacle flies out from the starspawn's body!
You slash the tentacled starspawn!
The tentacled starspawn is almost destroyed.
The tentacled starspawn bites you!!
You die...

ਜਜ..ਜਜ..ਜ...ਜਜ ਜ
. ਜ. . ...ਜ.. ਜ
.. ਜਜ....ਜ.ਜ...ਜ
. ਜ...ਜ....ਜ....
. ਜ. .. .ਜ....
ਜਜ.ਜਜ....ਜ.ਜਜ
ਜ.ਜ..ਜਜ...ਜਜ . .
. ਜ.ਜ .. .
ਜਜਜਜਜ.ਜ ਜ..... .
.ਜ@X*w.ਜ
ਜਜ......ਜਜ.ਜਜਜਜ)ਜ
ਜਜ ਜਜ.ਜਜਜ..ਜ ਜ.ਜਜ
...ਜ ... ਜ.. .
ਜ... ਜ.ਜਜ.ਜ ਜ.ਜਜ
.. ਜਜ .. .. .ਜਜ


You could see a tentacled starspawn and a starspawn tentacle.

Vanquished Creatures
  Gastronok (D:8)
  A centaur warrior (D:6)
  Pikel (D:8)
  Joseph (D:7)
  A troll (D:9)
  Prince Ribbit (D:7)
  Sigmund (D:3)
  8 yaks
  A human (D:9)
  2 steam dragons
  A hippogriff (D:8)
  2 sky beasts
  A water moccasin (D:5)
  2 ice beasts
  4 orc warriors
  An eye of draining (D:8)
  2 phantoms (D:9)
  A necrophage (D:7)
  7 ogres
  3 centaurs
  10 giant frogs
  A wyvern skeleton (D:6)
  3 killer bees (D:5)
  2 scorpions
  4 wights (D:7)
  A giant frog zombie (D:6)
  4 crimson imps
  8 hounds
  2 orc priests
  3 centaur skeletons
  2 iguanas
  10 orc wizards
  A giant frog skeleton (D:6)
  4 sheep (D:9)
  11 worker ants
  A hound skeleton (D:8)
  A hound zombie (D:5)
  7 gnolls
  A worker ant zombie (D:9)
  5 adders
  An ooze (D:2)
  A worm (D:3)
  An adder skeleton (D:4)
  4 giant geckos
  44 orcs
  3 giant cockroaches
  6 goblins
  3 hobgoblins
  3 quokkas
  10 bats
  A giant gecko skeleton (D:8)
  2 giant gecko zombies
  3 giant newts
  10 jackals
  3 kobolds
  5 rats
  3 fungi (D:8)
226 creatures vanquished.

Vanquished Creatures (others)
  2 slaves (D:8)
  An iguana (D:8)
  An adder (D:8)
  A giant gecko (D:8)
  6 fungi (D:8)
11 creatures vanquished.

Grand Total: 237 creatures vanquished

Notes
Turn   | Place    | Note
--------------------------------------------------------------
     0 | D:1      | Goblin1989 the Hill Orc Gladiator began the quest for the Orb.
     0 | D:1      | Reached XP level 1. HP: 18/18 MP: 1/1
   279 | D:1      | Reached XP level 2. HP: 22/25 MP: 2/2
   337 | D:1      | Reached skill level 5 in Axes
   669 | D:2      | Reached XP level 3. HP: 24/30 MP: 3/3
  1268 | D:3      | Reached skill level 6 in Axes
  1282 | D:3      | Noticed Sigmund
  1327 | D:3      | Reached XP level 4. HP: 34/37 MP: 4/4
  1543 | D:2      | Reached skill level 7 in Axes
  1555 | D:3      | Reached XP level 5. HP: 26/42 MP: 2/5
  1607 | D:3      | Reached skill level 8 in Axes
  1955 | D:3      | Killed Sigmund
  1955 | D:3      | Reached skill level 9 in Axes
  1955 | D:3      | Reached XP level 6. HP: 15/50 MP: 3/6
  2246 | D:3      | Found a sparkling altar of Nemelex Xobeh.
  2428 | D:4      | Reached skill level 10 in Axes
  2428 | D:4      | Reached XP level 7. HP: 34/56 MP: 3/7
  3142 | D:5      | Entered Level 5 of the Dungeon
  3200 | D:5      | Reached skill level 11 in Axes
  3372 | D:5      | Reached skill level 1 in Armour
  3372 | D:5      | Reached XP level 8. HP: 47/62 MP: 8/8
  3779 | D:5      | Found a sacrificial altar of Ru.
  3810 | D:5      | Became a worshipper of Ru the Awakened
  3859 | D:5      | Found a staircase to the Ecumenical Temple.
  3869 | Temple   | Entered the Ecumenical Temple
  4025 | Temple   | Fell from the grace of Ru
  4025 | Temple   | Became a worshipper of Zin the Law-Giver
  4025 | Temple   | Reached * piety under Zin
  4120 | D:5      | Reached skill level 12 in Axes
  4195 | D:5      | Found an ancient bone altar of Kikubaaqudgha.
  4443 | D:5      | Found a glowing silver altar of Zin.
  4527 | D:6      | Reached skill level 1 in Invocations
  4658 | D:6      | Reached ** piety under Zin
  4682 | D:6      | Reached XP level 9. HP: 68/71 MP: 10/10
  4713 | D:6      | Reached skill level 5 in Fighting
  5065 | D:6      | Noticed a centaur warrior
  5091 | D:6      | Killed a centaur warrior
  5091 | D:6      | Reached skill level 13 in Axes
  5856 | D:7      | Found a white marble altar of Elyvilon.
  5856 | D:7      | Found a glowing golden altar of the Shining One.
  5856 | D:7      | Found a shimmering altar of Xom.
  5863 | D:7      | Noticed Prince Ribbit
  5873 | D:7      | Killed Prince Ribbit
  5873 | D:7      | Reached XP level 10. HP: 60/83 MP: 8/13
  5880 | D:7      | Reached skill level 5 in Armour
  5924 | D:7      | Fell from the grace of Zin
  5924 | D:7      | Became a worshipper of Elyvilon the Healer
  5924 | D:7      | Reached * piety under Elyvilon
  5961 | D:7      | Reached skill level 5 in Invocations
  5986 | D:7      | Reached skill level 5 in Dodging
  6323 | D:7      | Reached skill level 14 in Axes
  6505 | D:7      | Noticed Joseph
  6518 | D:7      | Killed Joseph
  6722 | D:7      | Found a deep blue altar of Sif Muna.
  6827 | D:8      | Noticed Gastronok
  6860 | D:8      | Killed Gastronok
  6860 | D:8      | Reached XP level 11. HP: 35/92 MP: 8/16
  6878 | D:8      | Gained mutation: Armour fits poorly on your strangely shaped body. [mutagenic meat]
  6879 | D:8      | Gained mutation: Scrolls take you a little longer to read. [mutagenic meat]
  6880 | D:8      | Lost mutation: Armour fits poorly on your strangely shaped body. [mutagenic meat]
  6881 | D:8      | Gained mutation: Your muscles are strong. (Str +2) [mutagenic meat]
  6882 | D:8      | Gained mutation: Armour fits poorly on your strangely shaped body. [mutagenic meat]
  6925 | D:8      | Noticed Pikel
  6926 | D:8      | Lost mutation: Scrolls take you a little longer to read. [potion of cure mutation]
  6926 | D:8      | Lost mutation: Your muscles are strong. (Str +2) [potion of cure mutation]
  6926 | D:8      | Lost mutation: Armour fits poorly on your strangely shaped body. [potion of cure mutation]
  6936 | D:8      | Killed Pikel
  6936 | D:8      | Reached skill level 15 in Axes
  7696 | D:9      | Reached ** piety under Elyvilon
  7798 | D:9      | Gained mutation: You are clumsy. (Dex -2) [mutagenic meat]
  7799 | D:9      | Gained mutation: You are resistant to electric shocks. [mutagenic meat]
  7800 | D:9      | Gained mutation: You are dopey. (Int -2) [mutagenic meat]
  7801 | D:9      | Gained mutation: Your spells are a little easier to cast, but a little less powerful. [mutagenic meat]
  7802 | D:9      | Gained mutation: You can translocate small distances at will. [mutagenic meat]
  8145 | D:9      | Found a stormy altar of Qazlal.
  8493 | D:10     | Entered Level 10 of the Dungeon
  8495 | D:10     | Noticed Fannar
  8502 | D:10     | Noticed Psyche
  8512 | D:10     | Cast into the Abyss (Psyche)
  8604 | Abyss:1  | Noticed a tentacled starspawn
  8610 | Abyss:1  | Mangled by a tentacled starspawn

Action                   |  1- 3 |  4- 6 |  7- 9 | 10-12 || total
-------------------------+-------+-------+-------+-------++-------
Melee: War axe           |   121 |   163 |   302 |   316 ||   902
       Battleaxe         |       |       |       |    58 ||    58
Invok: Heal Other        |       |       |       |     2 ||     2
Evoke: Wand              |       |       |       |    12 ||    12
  Use: Potion            |       |       |     2 |     8 ||    10
  Eat: Chunk             |     1 |     4 |     6 |    19 ||    30
       Royal jelly       |       |       |     1 |       ||     1
       Pizza             |       |       |     1 |       ||     1
       Beef jerky        |       |       |     1 |       ||     1

Vault maps used:
D:1:      lightli_arrival_lavapool
D:2:      grunt_ministairs_4
D:3:      first_bread, nemelex_xobeh_ov_fountains_minmay, uniq_sigmund
D:5:      kiku_gazebo_pond_becter, temple_doors_e, hangedman_feature_mirror
D:6:      minmay_three_doors
D:7:      grunt_temple_overflow_open, led_sif_book, uniq_joseph,
          uniq_prince_ribbit1
D:8:      kennysheep_steamy, uniq_pikel, uniq_gastronok
D:9:      nicolae_qazlal_general_emergency, grunt_livestock
D:10:     orc_0_dummy, minmay_misc_feat_hallway, lightli_swarmer, uniq_psyche,
          uniq_fannar
Temple:   oiseaux_autumnal_temple_12
